 Dungeon Crawl Stone Soup version 0.29-a0-378-gc08b2e8bf8 (webtiles) character file.

Game seed: 14747232291445864703

548 Bruhh the Carver (level 7, -2/52 HPs)
             Began as a Merfolk Monk on May 5, 2022.
             Was a Priest of Nemelex Xobeh.
             Slain by a warg (7 damage)
             ... on level 6 of the Dungeon.
             The game lasted 00:08:39 (5402 turns).

Bruhh the Carver (Merfolk Monk)                     Turns: 5402, Time: 00:08:40

Health: -2/52      AC:  4    Str: 11    XL:     7   Next: 28%
Magic:  10/10      EV: 13    Int: 10    God:    Nemelex Xobeh [***...]
Gold:   375        SH:  0    Dex: 18    Spells: 6/6 levels left

rFire   . . .      SeeInvis .   a - +0 falchion
rCold   . . .      Faith    .   (no shield)
rNeg    . . .      Spirit   .   f - +0 leather armour
rPois   .          Reflect  .   j - +0 helmet
rElec   .          Harm     .   (no cloak)
rCorr   .          Rampage  .   (no gloves)
Will    .....                   (no boots)
Stlth   ++........              (no amulet)
HPRegen 0.17/turn               (no ring)
MPRegen 0.12/turn               (no ring)

@: no status effects
A: (nimble swimmer 2), mertail
a: Renounce Religion, Draw Escape, Draw Destruction, Draw Summoning, Triple Draw


You were on level 6 of the Dungeon.
You worshipped Nemelex Xobeh.
Nemelex Xobeh was most pleased with you.
You visited 2 branches of the dungeon, and saw 7 of its levels.

You collected 375 gold pieces.

Inventory:

Hand Weapons
 a - a +0 falchion (weapon)
Missiles
 c - 4 boomerangs of dispersal
 i - 15 poisoned darts (quivered)
Armour
 b - a +0 robe
 f - a +0 leather armour (worn)
 j - a +0 helmet (worn)
Jewellery
 l - a ring of poison resistance
 m - a +6 ring of dexterity
 D - a ring of fire
Wands
 z - a wand of flame (14)
 A - a wand of iceblast (14)
 C - a wand of charming (1)
Scrolls
 d - 8 scrolls of teleportation {unknown}
 e - 10 scrolls of identify {unknown}
 h - 2 scrolls of immolation {unknown}
 k - a scroll of brand weapon {unknown}
 q - 2 scrolls of blinking {unknown}
 u - 4 scrolls of noise {unknown}
 v - a scroll of fog {unknown}
 w - 2 scrolls of enchant weapon {unknown}
 x - 2 scrolls of magic mapping {unknown}
 y - a scroll of amnesia {unknown}
 B - a scroll of vulnerability {unknown}
 E - a scroll of fear {unknown}
Potions
 g - 2 potions of magic {unknown}
 n - 2 potions of degeneration {unknown}
 o - 3 potions of might {unknown}
 p - 2 potions of curing
 r - a potion of berserk rage {unknown}
 s - 3 potions of lignification {unknown}
 t - a potion of attraction {unknown}


   Skills:
 - Level 3.2 Fighting
 + Level 8.5 Long Blades
 - Level 4.0 Dodging
 - Level 2.1 Stealth
 + Level 4.1 Invocations


You had 6 spell levels left.
You didn't know any spells.
Your spell library contained the following spells:

 Spells                   Type           Power      Damage    Failure   Level
 Corpse Rot               Necr/Air       0%         N/A       58%         2
 Ensorcelled Hibernation  Hex/Ice        0%         N/A       58%         2
 Passwall                 Tmut/Erth      0%         N/A       58%         2
 Dazzling Flash           Conj/Hex       0%         N/A       83%         3
 Swiftness                Air            0%         N/A       83%         3
 Dispel Undead            Necr           0%         3d6       99%         4
 Agony                    Necr           0%         N/A       100%        5
 Silence                  Hex/Air        0%         N/A       100%        5
 Death Channel            Necr           0%         N/A       100%        6


Dungeon Overview and Level Annotations

Branches:
Dungeon (6/15)             Temple (1/1) D:4

Altars:
Ashenzari
Cheibriados
Dithmenos
Elyvilon
Fedhas
Hepliaklqana
Kikubaaqudgha
Makhleb
Nemelex Xobeh
Okawaru
Sif Muna
Trog
Vehumet
Xom
Yredelemnul
The Shining One
Beogh

Annotations:
D:3 3 runed translucent doors, Zaque's ghost, amateur GrFi
D:4 1 runed translucent door, Opifex's ghost, amateur FoFi


Innate Abilities, Weirdness & Mutations

((You are very nimble when in or above water. (Stealth+, EV+, Speed+++)))
Your lower body shifts to a powerful aquatic tail in water.


Message History

You are more poisoned.
The scorpion poisons you!
You barely miss the scorpion.
The scorpion is severely wounded.
You feel very sick.
You closely miss the scorpion.
The scorpion is severely wounded.
You feel very sick. The scorpion stings you. x2
You are lethally poisoned!
The scorpion poisons you!
It was a potion of curing.
You feel better. The scorpion stings you.
You draw a card...
You have drawn Degeneration.
The scorpion evaporates and reforms as a swamp drake!
The swamp drake twists and deforms.
The centaur evaporates and reforms as a warg!
The warg twists and deforms.
You draw a card...
You have drawn the Orb.
Press: ? - help, Shift-Dir - straight line, f - warg
Aim: a warg (misshapen and mutated)
Your orb of destruction hits a rock wall. x3
The swamp drake closely misses you.
Your orb of destruction hits a rock wall. x2
Your orb of destruction hits a rock wall.
You draw a card...
You have drawn the Illusion.
Suddenly you stand beside yourself.
The swamp drake bites you but does no damage.
The warg attacks as you move away! The warg bites you!
* * * LOW HITPOINT WARNING * * *
The swamp drake bites you but does no damage.
You draw a card...
You have drawn the Cloud.
Clouds appear around you! The warg bites you!
* * * LOW HITPOINT WARNING * * *
The swamp drake completely misses you.
Bruhh's illusion hits the swamp drake.
You draw a card...
You have drawn Exile.
The swamp drake is devoured by a tear in reality.
The warg bites you!
You die...
Your body glows slightly and disappears.

#. #. # #.# #.
..# #.#.. ..) #
#§##### ###..
#§§@§.##....
##h@§.#<.#
###....#
8..########...#
.......<.....##
.8.###########


You could see a warg (misshapen) and the friendly Bruhh's illusion (summoned).

Vanquished Creatures
  A black bear (D:4)
  A kobold brigand (D:4)
  A scorpion (D:5)
  2 hounds
  A jelly (D:4)
  3 iguanas
  5 adders
  2 worms
  4 dart slugs
  5 orcs
  6 endoplasms
  4 giant cockroaches
  12 goblins
  9 hobgoblins
  6 jackals
  12 kobolds
  3 quokkas
  8 ball pythons
  7 bats
  4 frilled lizards
  12 rats
108 creatures vanquished.

Vanquished Creatures (others)
  A plant (D:1)
1 creature vanquished.

Grand Total: 109 creatures vanquished

Notes
Turn   | Place    | Note
-------+----------+-------------------------------------------
     0 | D:1      | Bruhh the Merfolk Monk began the quest for the Orb.
     0 | D:1      | Reached XP level 1. HP: 18/18 MP: 1/1
   217 | D:1      | Reached skill level 4 in Long Blades
   302 | D:1      | Reached XP level 2. HP: 24/24 MP: 2/2
   863 | D:2      | Reached XP level 3. HP: 26/29 MP: 3/3
   864 | D:2      | Reached skill level 5 in Long Blades
  1226 | D:2      | Reached XP level 4. HP: 23/35 MP: 4/4
  1613 | D:2      | Reached skill level 6 in Long Blades
  1854 | D:3      | Found an ancient bone altar of Kikubaaqudgha.
  2115 | D:3      | Reached XP level 5. HP: 18/41 MP: 5/5
  2416 | D:3      | Found a snail-covered altar of Cheibriados.
  2499 | D:3      | Reached skill level 7 in Long Blades
  2927 | D:3      | Found a runed translucent gate.
  2927 | D:3      | Found a runed translucent gate.
  2927 | D:3      | Found a runed translucent gate.
  2927 | D:3      | Noticed Zaque's ghost (amateur GrFi)
  3016 | D:4      | Found a staircase to the Ecumenical Temple.
  3033 | Temple   | Entered the Ecumenical Temple
  3220 | Temple   | Became a worshipper of Nemelex Xobeh the Trickster
  3220 | Temple   | Reached * piety under Nemelex Xobeh
  3220 | Temple   | Received a gift from Nemelex Xobeh
  3220 | Temple   | Reached ** piety under Nemelex Xobeh
  3306 | D:4      | Reached skill level 1 in Invocations
  3519 | D:4      | Noticed Opifex's ghost (amateur FoFi)
  3522 | D:4      | Found a runed translucent door.
  3534 | D:4      | Found a burning altar of Makhleb.
  3544 | D:4      | Noticed a kobold brigand
  3563 | D:4      | Killed a kobold brigand
  3564 | D:4      | Reached XP level 6. HP: 25/47 MP: 5/7
  3814 | D:4      | Received a gift from Nemelex Xobeh
  4010 | D:4      | Found a basalt altar of Yredelemnul.
  4195 | D:4      | Noticed a black bear
  4202 | D:4      | Killed a black bear
  4203 | D:4      | Reached skill level 8 in Long Blades
  4349 | D:4      | Received a gift from Nemelex Xobeh
  4508 | D:5      | Entered Level 5 of the Dungeon
  4512 | D:5      | Reached XP level 7. HP: 52/52 MP: 9/9
  4671 | D:5      | Reached *** piety under Nemelex Xobeh
  5214 | D:5      | Found a bloodstained altar of Trog.
  5396 | D:6      | Noticed a warg
  5396 | D:6      | a centaur changed into a warg
  5402 | D:6      | Slain by a warg

Illustrated notes

Levels and vault maps discovered:
D:1:      roderic_crop_circles_arrival_small, layout_basic, minmay_hexomino_c4
D:2:      layout_loops_ring, minmay_tall_x
D:3:      layout_rooms, overflow_temple_1_default,
          mainiacjoe_overflow_small_starburst, biasface_ghost_orc_armoury,
          minmay_randomly_rotated_circles
D:4:      layout_cave_pods, mainiacjoe_overflow_six_doors_small,
          mainiacjoe_overflow_cross_hatched, minmay_temple_entry_offerings,
          hellmonk_ghost_happy_afterlife
D:5:      layout_rooms, mainiacjoe_overflow_alcove_4
D:6:      layout_rooms, mainiacjoe_overflow_paths,
          nicolae_overflow_hidden_temple, nicolae_uskayaw_dance_hall,
          cheibrodos_sewer_entry_sluice, minmay_misc_feat_pillars
Temple:   bh_familiar_temple

Skill      XL: |  1  2  3  4  5  6  7 |
---------------+----------------------+-----
Long Blades    | 4 5 6 7 8 |  8.5
Invocations    | 2 3 4 |  4.1
Fighting       | |  3.2
Dodging        | |  4.0
Stealth        | |  2.1

Action                   |  1- 3 |  4- 6 |  7- 9 || total
-------------------------+-------+-------+-------++-------
Melee: Falchion          |    90 |   217 |    55 ||   362
       Punch             |     1 |     3 |       ||     4
Invok: Draw Destruction  |       |     5 |     7 ||    12
       Draw Escape       |       |       |     2 ||     2
       Draw Summoning    |       |       |     1 ||     1
  Use: Potion            |       |     1 |     1 ||     2
 Stab: Sleeping          |     3 |     8 |       ||    11
Armor: Leather armour    |    28 |    74 |    13 ||   115
       Robe              |     2 |       |       ||     2
Dodge: Dodged            |    67 |   190 |    31 ||   288

Table legend: (Time is in decaauts)
 A = Elapsed time spent in this place.
 B = Non-inter-level travel time spent in this place.
 C = Inter-level travel time spent in this place.
 D = Time resting spent in this place.
 E = Time spent auto-exploring this place.
 F = Levels seen in this place.
 G = Mean time per level.
                   A        B        C        D        E       F      G
               +--------+--------+--------+--------+--------+-----+--------+
         Total |   5392 |   5234 |    158 |      0 |   4371 |   7 |  770.3 |
       Dungeon |   5148 |   5044 |    104 |      0 |   4205 |   6 |  858.0 |
        Temple |    243 |    189 |     54 |      0 |    166 |   1 |  243.0 |
               +--------+--------+--------+--------+--------+-----+--------+

Top non-repeatable levels by time:
     D:4: 1265 daAuts
     D:3: 1208 daAuts
     D:2: 926 daAuts
     D:5: 864 daAuts
     D:1: 861 daAuts
  Temple: 243 daAuts
     D:6: 22 daAuts
